 Seeded DCSS version 0.30-a0-359-gd0147acb1a (webtiles) character file.

Game seed: 11875864161840823782 (custom seed)

28 purpskrrrp the Grasshopper (level 2, -3/13 HPs)
             Began as a Felid Warper on Nov 11, 2022.
             Slain by a gnoll
             ... wielding a +0 whip
              (8 damage)
             ... on level 3 of the Dungeon.
             The game lasted 00:04:17 (910 turns).

purpskrrrp the Grasshopper (Felid Warper)            Turns: 910, Time: 00:04:18

Health: -3/13      AC:  1    Str:  7    XL:     2   Next: 96%
Magic:  6/6        EV: 18    Int: 14    God:
Gold:   66         SH:  0    Dex: 15    Spells: 4/6 levels left
                                        Lives:  0   Deaths: 0

rFire   + . .      SeeInvis +      - Unarmed
rCold   . . .      Faith    +    (shield unavailable)
rNeg    + + .      Spirit   .    (body armour unavailable)
rPois   .          Reflect  .    (helmet unavailable)
rElec   .          Harm     .    (cloak unavailable)
rCorr   .          Rampage  .    (gloves unavailable)
Will    .....                    (boots unavailable)
Stlth   ++........               a - amulet "Zutaint" {Faith *Corrode rN++}
HPRegen 0.22/turn                d - ring of protection from fire
MPRegen 0.10/turn                (no ring)

@: quick
A: very small, claws 1, fangs 3, see invisible, speed 1, shaggy fur 1, stealthy
paws, no weapons or thrown items, no armour, multi-lived
a: no special abilities


You were on level 3 of the Dungeon.
You visited 1 branch of the dungeon, and saw 3 of its levels.

You collected 66 gold pieces.

Inventory:

Jewellery
 a - the amulet "Zutaint" (around neck) {Faith *Corrode rN++}
   (You acquired it on level 1 of the Dungeon)

   [amulet of faith]

   It allows you to gain divine favour quickly.
   rN:        It greatly protects you from negative energy.
   *Corrode:  It may corrode you when you take damage.
 d - a ring of protection from fire (left paw)
Scrolls
 b - 5 scrolls of identify {unknown}
 c - a scroll of noise {unknown}
 e - a scroll of magic mapping {unknown}
 f - a scroll of enchant weapon {unknown}
Potions
 g - a potion of mutation {unknown}


   Skills:
 - Level 2.0 Fighting
 + Level 3.6 Dodging
 + Level 1.5 Stealth
 - Level 2.0 Unarmed Combat
 * Level 2.5 Spellcasting
 + Level 4.8 Translocations


You had 4 spell levels left.
You knew the following spells:

 Your Spells              Type           Power      Damage    Failure   Level
a - Blink                 Tloc           30%        N/A       4%          2

Your spell library contained the following spells:

 Spells                   Type           Power      Damage    Failure   Level
 Lesser Beckoning         Tloc           30%        N/A       10%         3
 Teleport Other           Tloc           15%        N/A       10%         3
 Beastly Appendage        Tmut           2%         N/A       22%         1
 Vhi's Electric Charge    Tloc/Air       16%        N/A       26%         3
 Manifold Assault         Tloc           15%        N/A       30%         4
 Wereblood                Tmut           1%         N/A       34%         2
 Spider Form              Tmut/Pois      1%         N/A       56%         3


Dungeon Overview and Level Annotations

Branches:
Dungeon (3/15)

Altars:


Innate Abilities, Weirdness & Mutations

You have sharp claws.
You have razor-sharp teeth.
You have supernaturally acute eyesight. (SInv)
You cover ground quickly. (Speed+)
You are covered in fur. (AC +1)
Your paws help you pounce on unaware monsters.
You are incapable of wielding weapons or throwing items.
You cannot wear armour.
You gain extra lives every three experience levels.


Message History

The endoplasm is severely wounded.
The endoplasm closely misses you.
You barely miss the endoplasm.
The endoplasm is severely wounded.
The endoplasm barely misses you.
You scratch the endoplasm.
You kill the endoplasm!
You now have 66 gold pieces (gained 7).
You start resting.
HP restored.
There is a stone staircase leading up here.
You climb upwards.
The gnoll misses you.
There is a stone staircase leading down here.
You scratch the gnoll. Your bite misses the gnoll.
The gnoll is moderately wounded.
The gnoll misses you.
You barely miss the gnoll.
The gnoll is moderately wounded.
The gnoll hits you with a +0 whip!
Ouch! That really hurt!
You are too injured to fight recklessly!
The gnoll closely misses you.
You climb downwards.
You hear the sound of rushing water.
There is an entrance to a sewer on this level.
Hurry and find it before the portal rusts away!
There is a stone staircase leading up here.
You barely miss the gnoll. You bite the gnoll.
The gnoll is heavily wounded.
The gnoll closely misses you.
You completely miss the gnoll.
The gnoll is heavily wounded.
The gnoll misses you.
You scratch the gnoll.
The gnoll is heavily wounded.
The gnoll closely misses you.
You scratch the gnoll. You claw the gnoll.
The gnoll is severely wounded.
The gnoll hits you with a +0 whip!
Ouch! That really hurt!
You die...

##+##
##...##
##..[..##
##.......##
#.........#
+.........+
#.........#
##...g@..##
##.)...##
##...##
##+##


You could see a gnoll.

Vanquished Creatures
  A dart slug (D:2)
  4 ball pythons
  A bat (D:1)
  2 endoplasms
  A giant cockroach (D:1)
  5 goblins (D:1)
  A hobgoblin (D:1)
  2 kobolds
  A quokka (D:1)
  3 frilled lizards (D:1)
  2 rats
23 creatures vanquished.

Notes
Turn   | Place    | Note
-------+----------+-------------------------------------------
     0 | D:1      | purpskrrrp the Felid Warper began the quest for the Orb.
     0 | D:1      | Reached XP level 1. HP: 9/9 MP: 4/4
   199 | D:1      | Identified a scroll of acquirement
   199 | D:1      | Acquired the amulet "Zutaint" {Faith *Corrode rN++}
   360 | D:1      | Reached skill level 1 in Stealth
   360 | D:1      | Reached XP level 2. HP: 13/13 MP: 6/6
   483 | D:1      | Learned a level 2 spell: Blink
   910 | D:3      | Slain by a gnoll

Illustrated notes

Levels and vault maps discovered:
D:1:      amcnicky_arrival_abandoned_market, layout_basic,
          minmay_shallow_snake_nest
D:2:      layout_rooms, uniq_terence
D:3:      layout_loops_corners, bloody_makhleb, gup_sewer_entry_pipe

Skill      XL: |  1 |
---------------+----+-----
Stealth        | 1 |  1.5
Fighting       | |  2.0
Dodging        | |  3.6
Unarmed Combat | |  2.0
Spellcasting   | |  2.5
Translocations | |  4.8

Action                   || total
-------------------------++-------
Melee: Unarmed           ||    64
       Bite              ||     7
       Punch             ||     3
  Use: Scroll            ||     2
Armor: Skin              ||     3
Dodge: Dodged            ||    44

Table legend: (Time is in decaauts)
 A = Elapsed time spent in this place.
 B = Non-inter-level travel time spent in this place.
 C = Inter-level travel time spent in this place.
 D = Time resting spent in this place.
 E = Time spent auto-exploring this place.
 F = Levels seen in this place.
 G = Mean time per level.
                   A        B        C        D        E       F      G
               +--------+--------+--------+--------+--------+-----+--------+
         Total |    784 |    756 |     28 |    114 |    420 |   3 |  261.3 |
       Dungeon |    784 |    756 |     28 |    114 |    420 |   3 |  261.3 |
               +--------+--------+--------+--------+--------+-----+--------+

Top non-repeatable levels by time:
     D:1: 641 daAuts
     D:2: 107 daAuts
     D:3: 35 daAuts
